 Dungeon Crawl Stone Soup version 0.30-a0-760-g5a9884bb7c (webtiles) character file.

Game seed: 17807686435425662252

416 Lobster4 the Magician (level 6, -3/32 HPs)
             Began as a Deep Elf Earth Elementalist on Feb 11, 2023.
             Was an Initiate of Vehumet.
             Slain by an ogre
             ... wielding a +0 giant club
              (15 damage)
             ... on level 4 of the Dungeon.
             The game lasted 00:08:25 (3189 turns).

Lobster4 the Magician (Deep Elf Earth Elementalist) Turns: 3189, Time: 00:08:26

Health: -3/32      AC:  5    Str:  5    XL:     6   Next: 60%
Magic:  13/14      EV: 13    Int: 22    God:    Vehumet [......]
Gold:   33         SH:  0    Dex: 15    Spells: 8/14 levels left

rFire   . . .      SeeInvis .    h - +2 sling (drain)
rCold   . . .      Faith    .    (no shield)
rNeg    . . .      Spirit   .    a - +0 robe
rPois   +          Reflect  .    (no helmet)
rElec   .          Harm     .    (no cloak)
rCorr   .          Rampage  .    (no gloves)
Will    .....                    w - +2 pair of boots {Stlth+}
Stlth   ++++                     f - amulet of magic regeneration
HPRegen 0.25/turn                v - ring of poison resistance
MPRegen 0.54/turn                (no ring)

@: no status effects
A: no striking features
a: Renounce Religion


You were on level 4 of the Dungeon.
You worshipped Vehumet.
Vehumet was noncommittal.
You visited 2 branches of the dungeon, and saw 6 of its levels.

You collected 248 gold pieces.
You spent 215 gold pieces at shops.

Inventory:

Hand Weapons
 g - a +0 short sword
 h - a +2 sling of draining (weapon)
Missiles
 p - 3 poisoned darts
Armour
 a - a +0 robe (worn)
 w - a +2 pair of boots of stealth (worn)
Jewellery
 f - an amulet of magic regeneration (around neck)
 v - a ring of poison resistance (left hand)
Wands
 i - a wand of light (12)
 t - a wand of polymorph (5)
Scrolls
 c - 2 scrolls of amnesia {unknown}
 j - 3 scrolls of blinking {unknown}
 m - a scroll of teleportation {unknown}
 o - a scroll of magic mapping {unknown}
 r - a scroll of noise {unknown}
 u - a scroll of vulnerability {unknown}
Potions
 b - a potion of magic
 d - 2 potions of lignification {unknown}
 e - a potion of might {unknown}
 k - 2 potions of cancellation {unknown}
 l - a potion of invisibility
 n - a potion of flight {unknown}
 q - a potion of ambrosia
 s - 2 potions of degeneration {unknown}
 x - a potion of resistance {unknown}


   Skills:
 + Level 2.9 Ranged Weapons
 + Level 1.4 Throwing
 + Level 4.1 Dodging
 + Level 4.1 Stealth
 + Level 4.5 Spellcasting
 + Level 2.2 Conjurations
 - Level 1.1 Transmutations
 + Level 4.4 Earth Magic
 + Level 1.4 Evocations


You had 8 spell levels left.
You knew the following spells:

 Your Spells              Type           Power      Damage    Failure   Level
a - Sandblast             Erth           48%        2d12      1%          1
b - Stone Arrow           Conj/Erth      38%        3d9       9%          3
c - Passwall              Tmut/Erth      14%        N/A       5%          2

Your spell library contained the following spells:

 Spells                   Type           Power      Damage    Failure   Level
 Dazzling Flash           Conj/Hex       20%        N/A       21%         3
 Ozocubu's Armour         Ice            4%         N/A       32%         3
 Petrify                  Tmut/Erth      17%        N/A       34%         4
 Borgnjor's Vile Clutch   Necr/Erth      7%         N/A       75%         5
 Alistair's Intoxication  Tmut/Pois      4%         N/A       93%         5
 Agony                    Necr           4%         N/A       96%         5
 Metabolic Englaciation   Hex/Ice        2%         N/A       96%         5
 Silence                  Hex/Air        2%         N/A       96%         5
 Eringya's Noxious Bog    Tmut/Pois      3%         N/A       100%        6
 Simulacrum               Ice/Necr       2%         N/A       100%        6
 Ozocubu's Refrigeration  Ice            2%         4d7       100%        7


Dungeon Overview and Level Annotations

Branches:
Dungeon (5/15)             Temple (1/1) D:4

Altars:
Ashenzari
Cheibriados
Dithmenos
Elyvilon
Fedhas
Gozag
Makhleb
Sif Muna
Vehumet
Xom
Yredelemnul
The Shining One

Shops:
D:5 [

Annotations:
D:4 exclusion: phantom


Message History

Press: ? - help, Shift-Dir - straight line, f - howler monkey
Aim: a howler monkey (wandering, hasn't noticed you, 81% to hit)
The blast of sand hits the howler monkey.
The howler monkey is moderately wounded.
The ogre shouts!
The howler monkey barely misses you.
Casting: Sandblast (safe; 1% risk of failure)
Confirm with . or Enter, or press ? or * to list all spells.
Aiming: Sandblast (safe; 1% risk of failure)
Press: ? - help, Shift-Dir - straight line, f/p - howler monkey
Aim: a howler monkey (moderately wounded, 81% to hit)
The blast of sand hits the howler monkey!
The howler monkey is almost dead.
The howler monkey barely misses you. The howler monkey hits you.
The howler monkey hoots and howls with incredible vigour!
You hear an angry hiss.
You hear a bark!
You hear a shout! x2
There is a stone staircase leading up here.
Casting: Sandblast (safe; 1% risk of failure)
Confirm with . or Enter, or press ? or * to list all spells.
Aiming: Sandblast (safe; 1% risk of failure)
Press: ? - help, Shift-Dir - straight line, f/p - howler monkey
Aim: a howler monkey (almost dead, 81% to hit)
The blast of sand hits the howler monkey!
You kill the howler monkey!
Vehumet accepts your kill.
The ogre hits you with a +0 giant club!!
Ouch! That really hurt!
You climb upwards.
Level annotation: exclusion: phantom
There is a stone staircase leading down here.
Casting: Sandblast (safe; 1% risk of failure)
Confirm with . or Enter, or press ? or * to list all spells.
Aiming: Sandblast (safe; 1% risk of failure)
Press: ? - help, Shift-Dir - straight line, f - ogre
Aim: an ogre, wielding a +0 giant club (92% to hit)
The blast of sand hits the ogre!
The ogre is moderately wounded.
The ogre hits you with a +0 giant club!
You die...

.##...##.....##...##....#....#<..
....>........#....##....#....#...
.##...##.....#....##....##...#...
..##.##..##.......####'###...#...
#..#.#..##...(...............#...
##.....##....................#...
.#.....#.....##..............#...
.............##...##..####..###'#
....####.....##.@.##..####..###..
##### W........O...............
.........................
####+##..................
##....##...##..####..#.<..
#.....##...##..###########
#..........#......#
#..........#......#
########...#......#


You could see an ogre.

Vanquished Creatures
  A black bear (D:4)
  A howler monkey (D:5)
  A gnoll bouda (D:5)
  2 iguanas
  An orc wizard (D:5)
  5 gnolls
  4 adders
  A worm (D:4)
  17 orcs
  4 ball pythons
  2 endoplasms (D:1)
  3 giant cockroaches
  3 goblins
  3 hobgoblins
  8 jackals
  8 kobolds
  2 quokkas
  9 bats
  2 frilled lizards
  5 rats
82 creatures vanquished.

Notes
Turn   | Place    | Note
-------+----------+-------------------------------------------
     0 | D:1      | Lobster4 the Deep Elf Earth Elementalist began the quest
                  | for the Orb.
     0 | D:1      | Reached XP level 1. HP: 10/10 MP: 6/6
   116 | D:1      | Reached XP level 2. HP: 15/15 MP: 2/8
   865 | D:2      | Reached XP level 3. HP: 17/19 MP: 3/10
  1405 | D:3      | Found a faded altar of an unknown god.
  1481 | D:3      | Reached skill level 1 in Ranged Weapons
  1548 | D:3      | Found an opulent altar of Gozag.
  1660 | D:3      | Reached skill level 1 in Conjurations
  1708 | D:3      | Reached XP level 4. HP: 24/24 MP: 8/11
  1718 | D:3      | Learned a level 3 spell: Stone Arrow
  1721 | D:3      | Learned a level 2 spell: Passwall
  2203 | D:4      | Noticed a phantom
  2243 | D:4      | Found a shimmering blue altar of Sif Muna.
  2424 | D:4      | Found a staircase to the Ecumenical Temple.
  2438 | Temple   | Entered the Ecumenical Temple
  2474 | Temple   | Became a worshipper of Vehumet
  2553 | D:4      | Noticed a black bear
  2561 | D:3      | Reached XP level 5. HP: 28/28 MP: 11/13
  2603 | D:4      | Killed a black bear
  2715 | D:5      | Entered Level 5 of the Dungeon
  2730 | D:5      | Reached skill level 1 in Evocations
  2732 | D:5      | Reached XP level 6. HP: 29/32 MP: 9/14
  2741 | D:5      | Reached skill level 1 in Throwing
  2894 | D:5      | Found a shadowy altar of Dithmenos.
  3012 | D:5      | Noticed a yak
  3012 | D:5      | Noticed a yak
  3012 | D:5      | Noticed a yak
  3012 | D:5      | Noticed a yak
  3012 | D:5      | Noticed a yak
  3135 | D:5      | Found Duts's Armour Shop.
  3143 | D:5      | Found the +7 staff of the Meek {protect, meekguard}
  3146 | D:5      | Bought a +2 pair of boots of stealth for 215 gold pieces
  3189 | D:4      | Slain by an ogre

Illustrated notes

Levels and vault maps discovered:
D:1:      nicolae_arrival_washed_ashore, layout_rooms
D:2:      layout_basic, chequers_serial_rivers_micro_e, grunt_decor_fettered,
          minmay_misc_feat_doors
D:3:      layout_rooms, nicolae_gozag_seed_capital,
          nicolae_ecumenical_oubliette, grunt_ministairs_11, minmay_unequal
D:4:      layout_gridville, old_standard_altar, minmay_temple_entry_waves
D:5:      layout_loops_ring, nicolae_dithmenos_the_darkroom, serial_shops,
          shop_fountains, nicolae_take_the_stairs, nicolae_shop_crystal,
          nicolae_square_shop, chequers_serial_rivers_micro_d
Temple:   compressed_dpeg_triangle_lava_temple

Skill      XL: |  1  2  3  4  5  6 |
---------------+-------------------+-----
Stealth        | 3 4 |  4.1
Dodging        | 3 4 |  4.1
Ranged Weapons | 1 2 |  2.9
Conjurations   | 1 2 |  2.2
Spellcasting   | 4 |  4.5
Earth Magic    | 4 |  4.4
Evocations     | 1 |  1.4
Throwing       | 1 |  1.4
Transmutations | |  1.1

Action                     |  1- 3 |  4- 6 || total
---------------------------+-------+-------++-------
   Fire: Sling             |    17 |    30 ||    47
  Throw: Dart              |       |     4 ||     4
   Cast: Sandblast         |    48 |    54 ||   102
  Evoke: Wand              |       |     1 ||     1
    Use: Scroll            |       |     3 ||     3
 Armour: Robe              |     2 |     3 ||     5
  Dodge: Dodged            |    14 |    21 ||    35

Table legend: (Time is in decaauts)
 A = Elapsed time spent in this place.
 B = Non-inter-level travel time spent in this place.
 C = Inter-level travel time spent in this place.
 D = Time resting spent in this place.
 E = Time spent auto-exploring this place.
 F = Levels seen in this place.
 G = Mean time per level.
                   A        B        C        D        E       F      G
               +--------+--------+--------+--------+--------+-----+--------+
         Total |   3255 |   3086 |    169 |    313 |   2252 |   6 |  542.5 |
       Dungeon |   3209 |   3048 |    161 |    313 |   2225 |   5 |  641.8 |
        Temple |     45 |     37 |      8 |      0 |     27 |   1 |   45.0 |
               +--------+--------+--------+--------+--------+-----+--------+

Top non-repeatable levels by time:
     D:2: 837 daAuts
     D:3: 797 daAuts
     D:1: 628 daAuts
     D:4: 559 daAuts
     D:5: 387 daAuts
  Temple: 45 daAuts
